 Dungeon Crawl Stone Soup version 0.29.1-1-gd02db6906a (webtiles) character file.

Game seed: 17804952327952365944

77 IDontKnowWhatImDoimg the Grave Robber (level 4, -2/34 HPs)
             Began as a Hill Orc Necromancer on Sept 27, 2022.
             Was a Follower of Sif Muna.
             Slain by an adder (3 damage)
             ... on level 2 of the Dungeon.
             The game lasted 00:14:34 (3061 turns).

IDontKnowWhatImDoimg the Grave Robber (HONe)        Turns: 3061, Time: 00:14:34

Health: -2/34      AC:  2    Str: 12    XL:     4   Next: 33%
Magic:  5/7        EV: 12    Int: 15    God:    Sif Muna [*.....]
Gold:   98         SH:  0    Dex: 11    Spells: 3/7 levels left

rFire   . . .      SeeInvis .     - Unarmed
rCold   . . .      Faith    .   (no shield)
rNeg    . . .      Spirit   .   a - +0 robe
rPois   .          Reflect  .   (no helmet)
rElec   .          Harm     .   (no cloak)
rCorr   .          Rampage  .   (no gloves)
Will    .....                   (no boots)
Stlth   ++........              m - amulet of the acrobat
HPRegen 0.11/turn               (no ring)
MPRegen 0.10/turn               (no ring)

@: lethally poisoned (-2 -> -5)
A: no striking features
a: Renounce Religion, Channel Magic


You were on level 2 of the Dungeon.
You worshipped Sif Muna.
Sif Muna was aware of your devotion.
You visited 1 branch of the dungeon, and saw 2 of its levels.

You collected 98 gold pieces.

Inventory:

Missiles
 c - 22 stones
 g - 17 poisoned darts
Armour
 a - a +0 robe (worn)
 e - a +0 ring mail
Jewellery
 m - an amulet of the acrobat (around neck)
Scrolls
 f - a scroll of teleportation {unknown}
 h - 4 scrolls of identify {unknown}
 k - a scroll of torment {unknown}
 l - a scroll of magic mapping {unknown}
Potions
 b - a potion of magic
 d - a potion of berserk rage {unknown}
 i - 2 potions of degeneration {unknown}
 j - a potion of curing {unknown}


   Skills:
 + Level 0.6 Fighting
 + Level 1.8 Dodging
 + Level 2.0 Stealth
 + Level 1.3 Unarmed Combat
 + Level 2.0 Spellcasting
 + Level 4.7 Necromancy


You had 3 spell levels left.
You knew the following spells:

 Your Spells              Type           Power      Damage    Failure   Level
a - Necrotise             Necr           60%        1d7       3%          1
b - Vampiric Draining     Necr           15%        2d7       10%         3

Your spell library contained the following spells:

 Spells                   Type           Power      Damage    Failure   Level
 Animate Dead             Necr           15%        N/A       30%         4
 Agony                    Necr           15%        N/A       65%         5


Dungeon Overview and Level Annotations

Branches:
Dungeon (2/15)

Altars:
Sif Muna


Message History

The adder poisons you! The adder bites you.
You are more poisoned.
The adder poisons you!
You barely miss the adder.
The adder is heavily wounded.
You feel very sick. The adder bites you.
You hit the adder.
The adder is heavily wounded.
You feel sick. The adder closely misses you.
You closely miss the adder.
The adder is heavily wounded.
You feel sick. The adder bites you but does no damage.
You hit the adder.
The adder is severely wounded.
You feel sick. The adder closely misses you. The adder bites you.
* * * LOW HITPOINT WARNING * * *
You are more poisoned.
The adder poisons you!
You closely miss the adder.
The adder is severely wounded.
* * * LOW HITPOINT WARNING * * *
You feel sick. The adder barely misses you.
You closely miss the adder.
The adder is severely wounded.
* * * LOW HITPOINT WARNING * * *
You feel sick. The adder bites you but does no damage.
You closely miss the adder.
The adder is severely wounded.
* * * LOW HITPOINT WARNING * * *
You feel sick. The adder misses you.
Aiming: Necrotise (safe; 3% risk of failure)
Press: ? - help, Q - select action, (/) - cycle Shift-Dir - straight line, f/p - adder
Aim: an adder (severely wounded, chance to affect: 79%)
The adder writhes in agony.
* * * LOW HITPOINT WARNING * * *
You feel sick. The adder bites you.
* * * LOW HITPOINT WARNING * * *
The adder bites you.
You die...

#.# #
######.# #
#......####
#
#.......>.#
#####
##..###.##.#
.....
....#..†...#
.....
...........#
#####
#...#..=?..#
##. #....@.#
# #....S..#
#.#...###
#.##.## #.
#.# ######.#
#.# #..<...#
#.# #÷# ##.
#.# #.# #.#


You could see an adder.

Vanquished Creatures
  4 adders (D:2)
  A dart slug (D:1)
  5 ball pythons
  4 bats
  3 endoplasms
  3 giant cockroaches
  4 hobgoblins
  2 kobolds (D:2)
  2 quokkas
  2 frilled lizards
  A goblin (D:1)
  7 rats
38 creatures vanquished.

Vanquished Creatures (collateral kills)
  2 frilled lizards
2 creatures vanquished.

Grand Total: 40 creatures vanquished

Notes
Turn   | Place    | Note
-------+----------+-------------------------------------------
     0 | D:1      | IDontKnowWhatImDoimg the Hill Orc Necromancer began the
                  | quest for the Orb.
     0 | D:1      | Reached XP level 1. HP: 14/14 MP: 3/3
   563 | D:1      | Reached XP level 2. HP: 5/20 MP: 1/4
  1624 | D:1      | Reached XP level 3. HP: 25/26 MP: 5/5
  1900 | D:1      | You fall into a shaft and drop 1 floor!
  2051 | D:2      | Reached skill level 1 in Unarmed Combat
  2566 | D:2      | Reached XP level 4. HP: 5/34 MP: 1/7
  2916 | D:2      | Learned a level 3 spell: Vampiric Draining
  2948 | D:2      | Found a faded altar of an unknown god.
  2950 | D:2      | Prayed at the altar of an unknown god.
  2950 | D:2      | Became a worshipper of Sif Muna the Loreminder
  2950 | D:2      | Reached * piety under Sif Muna
  3061 | D:2      | HP: 1/34 [adder (3)]
  3061 | D:2      | Slain by an adder

Illustrated notes

Levels and vault maps discovered:
D:1:      dpeg_arrival_three_same_balls, layout_loops_corners,
          hangedman_decor_push
D:2:      layout_loops_ring, serial_shops, nicolae_shop_trees,
          chequers_ecumenical_altar_twisty

Skill      XL: |  1  2  3  4 |
---------------+-------------+-----
Unarmed Combat | 1 |  1.3
Spellcasting   | 2 |  2.0
Stealth        | 2 |  2.0
Fighting       | |  0.6
Dodging        | |  1.8
Necromancy     | |  4.7

Action                   |  1- 3 |  4- 6 || total
-------------------------+-------+-------++-------
Melee: Unarmed           |   127 |    23 ||   150
       Punch             |     1 |       ||     1
 Cast: Necrotise         |    28 |     9 ||    37
 Stab: Sleeping          |     2 |     1 ||     3
Armor: Robe              |    30 |     4 ||    34
Dodge: Dodged            |   106 |    17 ||   123
